 Dungeon Crawl Stone Soup version 0.31-a0-1110-gab2881137f (webtiles) character file.

Game seed: 12807306169164941284

3382 HessuHobo the Slicer (level 9, 74/74 HPs)
             Began as a Purple Draconian Enchanter on Nov 30, 2023.
             Was an Initiate of Dithmenos.
             Quit the game on level 6 of the Dungeon on Mar 9, 2024.
             The game lasted 00:26:09 (9364 turns).

HessuHobo the Slicer (Purple Draconian Enchanter)   Turns: 9364, Time: 00:26:10

Health: 74/74      AC:  7    Str: 10    XL:     9   Next: 74%
Magic:  14/14      EV: 15    Int: 16    God:    Dithmenos [......]
Gold:   268        SH:  5    Dex: 16    Spells: 9/15 levels left

rFire   . . .        w - +2 dagger (vamp)
rCold   . . .        (no shield)
rNeg    . . .        (body armour unavailable)
rPois   .            (helmet restricted)
rElec   .            (no cloak)
rCorr   .            (no gloves)
SInv    .            (no boots)
Will    +....        f - amulet of reflection
Stlth   ++++         t - ring of flight
HPRegen 0.32/turn    A - ring of wizardry
MPRegen 0.14/turn

%: reflection, wizardry (x1)
@: flying, fire susceptible
A: breathe power, AC +7, unfitting armour, cold-blooded
a: Breathe Dispelling Energy, Renounce Religion


You were on level 6 of the Dungeon.
You worshipped Dithmenos.
Dithmenos was noncommittal.
You visited 2 branches of the dungeon, and saw 8 of its levels.

You collected 268 gold pieces.

Inventory:

Hand Weapons
 h - a +1 dagger of protection
 m - a +2 hand axe of flaming
 w - a +2 vampiric dagger (weapon)
Missiles
 c - 6 javelins
 j - 22 poisoned darts (quivered)
Jewellery
 f - an amulet of reflection (around neck)
 t - a ring of flight (left hand)
 x - a ring of wizardry
 A - a ring of wizardry (right hand)
Wands
 a - a wand of polymorph (4)
Scrolls
 d - 2 scrolls of vulnerability {unknown}
 i - a scroll of brand weapon {unknown}
 k - 3 scrolls of noise
 l - 2 scrolls of enchant weapon {unknown}
 o - 2 scrolls of torment {unknown}
 p - a scroll of teleportation {unknown}
 u - 2 scrolls of enchant armour {unknown}
 v - a scroll of silence {unknown}
 y - 2 scrolls of fog {unknown}
 z - 2 scrolls of amnesia {unknown}
Potions
 g - a potion of haste
 n - 2 potions of ambrosia
 s - a potion of attraction {unknown}
 B - 2 potions of mutation {unknown}


   Skills:
 - Level 5.0 Fighting
 + Level 8.7 Short Blades
 + Level 5.8 Dodging
 - Level 7.0 Stealth
 - Level 3.6 Spellcasting
 - Level 5.0 Hexes


You had 9 spell levels left.
You knew the following spells:

 Your Spells              Type           Power      Damage    Failure   Level
a - Ensorcelled Hibernat  Hex/Ice        20%        N/A       4%          2
b - Confusing Touch       Hex            18%        N/A       2%          3
c - Apportation           Tloc           4%         N/A       8%          1

Your spell library contained the following spells:

 Spells                   Type           Power      Damage    Failure   Level
 Tukima's Dance           Hex            18%        N/A       2%          3
 Necrotise                Necr           8%         1d4       8%          1
 Summon Small Mammal      Summ           8%         N/A       8%          1
 Dazzling Flash           Conj/Hex       20%        N/A       8%          3
 Frozen Ramparts          Ice            4%         1d1       21%         3
 Petrify                  Tmut/Erth      2%         N/A       54%         4
 Metabolic Englaciation   Hex/Ice        5%         N/A       54%         5


Dungeon Overview and Level Annotations

Branches:
Dungeon (7/15)             Temple (1/1) D:5

Altars:
Ashenzari
Cheibriados
Dithmenos
Elyvilon
Fedhas
Gozag
Hepliaklqana
Kikubaaqudgha
Makhleb
Nemelex Xobeh
Okawaru
Qazlal
Ru
Sif Muna
Trog
Uskayaw
Vehumet
Wu Jian
Xom
Yredelemnul
Zin
The Shining One
Ignis


Innate Abilities, Weirdness & Mutations

You can breathe bolts of dispelling energy.
Your rich purple scales are hard. (AC +7)
You cannot fit into any form of body armour.
You are cold-blooded and may be slowed by cold attacks.


Message History

The floor.
You fade into invisibility!
The fire elemental closely misses you. The fire elemental hits you.
The fire elemental burns you!
* * * LOW HITPOINT WARNING * * *
An orc comes into view. It is wielding a +0 club.
There is an open door here.
You have got your breath back.
There is an open door here.
There is a stone staircase leading up here.
You fly upwards.
There is a stone staircase leading down here.
You start resting.
You flicker for a moment.
You start resting.
You flicker back into view.
You start resting.
You start to feel less resistant.
You start resting.
Your resistance to elements expires.
You start resting.
HP restored.
You start waiting.
Done waiting.
Welcome back, HessuHobo the Purple Draconian Enchanter.
Dithmenos says: Spread the eternal night.
Press ? for a list of commands and other information.
You are flying.
You cannot resist fire.
Your flying speed is average.
Your attack delay is about 0.5.
Your damage rating with your +2 vampiric dagger is about 7 (Base 4 x 115% (Dex) x 126% (Skill) + 2 (Ench)).
Unknown command.
Unknown command.
Unknown command.
Unknown command.
Unknown command.
Unknown command.
Unknown command.
Are you sure you want to abandon this character and quit the game? (Confirm with "yes".)
Okay, then.
Are you sure you want to abandon this character and quit the game? (Confirm with "yes".)

#..............................#
###.......###..................#
.....#.#....#......#...........#
#......+....'......#...........#
'.....##....#............#######
#.....##.................#
....####.....#####.......#
......##.....######......#
.......'........@.....>######
....#.##....................#
....#.####..................#
....#.# #..................#
#####.####..................#
#####....######.............#
.........# #.............#
.........# ##....)........#
.........# #.............##


There were no monsters in sight!

Vanquished Creatures
  Jeremiah (D:6)
  A troll (D:6)
  Grinder (D:4)
  2 steam dragons (D:7)
  Edmund (D:4)
  3 water moccasins
  Duvessa (D:4)
  An ice beast (D:5)
  2 sky beasts
  A black bear (D:5)
  2 centaurs (D:7)
  2 ogres
  A kobold brigand (D:6)
  2 bullfrogs
  2 scorpions
  7 wights
  Dowan (D:4)
  A jelly (D:4)
  2 hounds (D:4)
  An orc priest (D:6)
  A gnoll bouda (D:6)
  2 iguanas (D:4)
  Terence (D:3)
  2 sleepcaps
  5 adders
  5 gnolls
  2 shadow imps
  2 white imps
  4 ufetubi
  A worm (D:3)
  11 orcs
  7 endoplasms
  4 giant cockroaches
  8 goblins
  10 hobgoblins
  9 jackals
  A quokka (D:1)
  7 ball pythons
  3 bats
  4 frilled lizards (D:1)
  9 kobolds
  6 rats
139 creatures vanquished.

Notes
Turn   | Place    | Note
-------+----------+-------------------------------------------
     0 | D:1      | HessuHobo the Draconian Enchanter began the quest for the
                  | Orb.
     0 | D:1      | Reached XP level 1. HP: 14/14 MP: 3/3
   239 | D:1      | Reached XP level 2. HP: 19/22 MP: 5/5
   685 | D:1      | Reached skill level 1 in Fighting
   685 | D:1      | Reached XP level 3. HP: 28/28 MP: 6/6
   888 | D:1      | Found a faded altar of an unknown god.
   891 | D:1      | Prayed at the altar of an unknown god.
   891 | D:1      | Became a worshipper of Ignis, the Dying Flame
  1426 | D:2      | Learned a level 2 spell: Ensorcelled Hibernation
  1671 | D:2      | Found a stormy altar of Qazlal.
  2252 | D:3      | Noticed Terence
  2270 | D:3      | Killed Terence
  2271 | D:3      | Reached XP level 4. HP: 21/35 MP: 4/7
  2489 | D:3      | Found a sacrificial altar of Ru.
  2521 | D:3      | Found a snail-covered altar of Cheibriados.
  2993 | D:4      | Noticed a scorpion
  2997 | D:4      | Upgraded the game from 0.31-a0-1099-g7fa767f3fe to
                  | 0.31-a0-1110-gab2881137f
  3001 | D:4      | Killed a scorpion
  3002 | D:4      | Reached skill level 2 in Short Blades
  3002 | D:4      | Reached XP level 5. HP: 41/41 MP: 5/8
  3053 | D:4      | Noticed Grinder
  3091 | D:4      | Killed Grinder
  3092 | D:4      | Reached XP level 6. HP: 33/51 MP: 8/10
  3175 | D:4      | Reached skill level 3 in Short Blades
  3326 | D:4      | Noticed Duvessa
  3337 | D:4      | Noticed Dowan
  3367 | D:4      | Killed Duvessa
  3368 | D:4      | Your scales start taking on a rich purple colour.
  3368 | D:4      | Reached XP level 7. HP: 28/58 MP: 12/12
  3374 | D:4      | Killed Dowan
  3996 | D:4      | Noticed Edmund
  4007 | D:4      | Killed Edmund
  4008 | D:4      | Reached skill level 4 in Short Blades
  4008 | D:4      | Reached skill level 5 in Stealth
  4364 | D:4      | Reached skill level 5 in Fighting
  4441 | D:5      | Entered Level 5 of the Dungeon
  4456 | D:5      | Reached skill level 5 in Short Blades
  4626 | D:5      | Found a staircase to the Ecumenical Temple.
  4646 | D:5      | Reached XP level 8. HP: 38/68 MP: 6/13
  4652 | Temple   | Entered the Ecumenical Temple
  5391 | D:6      | Reached skill level 6 in Short Blades
  6323 | D:6      | Noticed a troll
  6341 | D:6      | Noticed Jeremiah
  6353 | D:6      | Killed a troll
  6354 | D:6      | Reached skill level 7 in Short Blades
  6367 | D:6      | Killed Jeremiah
  6368 | D:6      | Reached XP level 9. HP: 74/74 MP: 11/14
  7555 | D:7      | Reached skill level 5 in Hexes
  7556 | D:7      | HP: 3/73 [centaur/arrow (9)]
  7824 | D:7      | Reached skill level 8 in Short Blades
  7983 | D:7      | Found a stormy altar of Qazlal.
  8114 | D:7      | Reached skill level 5 in Dodging
  8325 | D:7      | Found a shadowy altar of Dithmenos.
  8707 | D:7      | Fell from the grace of Ignis
  8707 | D:7      | Became a worshipper of Dithmenos the Shadowed
  8843 | D:7      | Learned a level 3 spell: Confusing Touch
  8845 | D:7      | Learned a level 1 spell: Apportation
  9364 | D:6      | Quit the game

Illustrated notes

Levels and vault maps discovered:
D:1:      minmay_arrival_semitransparent, layout_loops_ring,
          shapermc_ecumenical_altar_mp_vishouse
D:2:      layout_basic, basic_altar, corexii_shack
D:3:      layout_basic, cheibriados_altar_1, lemuel_tele_altar,
          dreamdust_princess_corridor, item_on_display_a, uniq_terence
D:4:      layout_basic, uniq_edmund, uniq_duvessa, uniq_grinder
D:5:      layout_loops_ring, minmay_temple_entry_stoned_glass,
          nicolae_figureground_sparkle
D:6:      layout_basic, uniq_jeremiah
D:7:      layout_basic, nicolae_qazlal_scattered_showers, lemuel_crystal_altar,
          uniq_joseph
Temple:   mainiacjoe_temple_bowtie_tessellation

Skill      XL: |  1  2  3  4  5  6  7  8  9 |
---------------+----------------------------+-----
Dodging        | 2 3 5 |  5.8
Stealth        | 3 4 5 7 |  7.0
Fighting       | 1 2 3 5 |  5.0
Hexes          | 3 4 5 |  5.0
Short Blades   | 2 3 5 7 8 |  8.7
Spellcasting   | 3 |  3.6

Action                     |  1- 3 |  4- 6 |  7- 9 || total
---------------------------+-------+-------+-------++-------
  Melee: Dagger            |   189 |    72 |   560 ||   821
         Tailslap          |    21 |    13 |   106 ||   140
         Punch             |     4 |     2 |     6 ||    12
   Cast: Ensorcelled Hiber |     1 |     1 |    16 ||    18
 Invoke: Fiery Armour      |     1 |     2 |     3 ||     6
Ability: Breathe Dispellin |       |       |     3 ||     3
    Use: Scroll            |     1 |       |     6 ||     7
         Potion            |       |       |     4 ||     4
   Stab: Sleeping          |     6 |     5 |    21 ||    32
         Distracted        |       |       |     1 ||     1
 Armour: Skin              |   114 |    31 |   283 ||   428
  Dodge: Dodged            |   148 |    31 |   235 ||   414
  Block: Other             |       |       |    34 ||    34
         Reflection        |       |       |     2 ||     2

Table legend: (Time is in decaauts)
 A = Elapsed time spent in this place.
 B = Non-inter-level travel time spent in this place.
 C = Inter-level travel time spent in this place.
 D = Time resting spent in this place.
 E = Time spent auto-exploring this place.
 F = Levels seen in this place.
 G = Mean time per level.
                   A        B        C        D        E       F      G
               +--------+--------+--------+--------+--------+-----+--------+
         Total |   9166 |   8808 |    358 |   2979 |   4228 |   8 | 1145.8 |
       Dungeon |   9075 |   8718 |    357 |   2889 |   4228 |   7 | 1296.4 |
        Temple |     91 |     90 |      1 |     90 |      0 |   1 |   91.0 |
               +--------+--------+--------+--------+--------+-----+--------+

Top non-repeatable levels by time:
     D:6: 1643 daAuts
     D:7: 1595 daAuts
     D:4: 1572 daAuts
     D:5: 1435 daAuts
     D:2: 997 daAuts
     D:1: 959 daAuts
     D:3: 871 daAuts
  Temple: 91 daAuts
